 Dungeon Crawl Stone Soup version 0.30-a0-465-g8901f6c8b5 (webtiles) character file.

Game seed: 8808986019631789199

870 drugrobin the Insei (level 7, -1/58 HPs)
             Began as a Demigod Delver on Dec 18, 2022.
             Slain by Duvessa
             ... wielding a +0 short sword
              (10 damage)
             ... on level 4 of the Dungeon.
             The game lasted 00:12:51 (4564 turns).

drugrobin the Insei (Demigod Delver)                Turns: 4564, Time: 00:12:53

Health: -1/58      AC:  8    Str: 17    XL:     7   Next: 45%
Magic:  9/9        EV: 10    Int: 18    God:
Gold:   297        SH:  5    Dex: 19    Spells: 1/6 levels left

rFire   . . .      SeeInvis .      - Unarmed
rCold   . . .      Faith    .    (no shield)
rNeg    . . .      Spirit   .    z - +0 scale mail
rPois   .          Reflect  +    (no helmet)
rElec   .          Harm     .    q - +0 cloak
rCorr   .          Rampage  .    u - +0 pair of gloves
Will    +....                    (no boots)
Stlth   ++........               A - amulet of reflection
HPRegen 0.29/turn                i - ring of willpower
MPRegen 0.11/turn                w - +6 ring of intelligence

@: no status effects
A: high MP 1, forlorn, divine attributes
a: no special abilities


You were on level 4 of the Dungeon.
You visited 1 branch of the dungeon, and saw 5 of its levels.

You collected 297 gold pieces.

Inventory:

Hand Weapons
 b - a +3 sling
Missiles
 p - 5 poisoned darts
 r - 5 javelins (quivered)
Armour
 a - a +0 leather armour
 k - a +0 chain mail
 q - a +0 cloak (worn)
 u - a +0 pair of gloves (worn)
 z - a +0 scale mail (worn)
Jewellery
 i - a ring of willpower (left hand)
 w - a +6 ring of intelligence (right hand)
 x - a ring of magical power
 A - an amulet of reflection (around neck)
 D - a ring of see invisible
Wands
 f - a wand of digging (2)
 j - a wand of roots (4)
Scrolls
 c - 2 scrolls of magic mapping
 d - 2 scrolls of fear
 l - 5 scrolls of identify {unknown}
 o - a scroll of fog
 s - 5 scrolls of teleportation {unknown}
 t - 4 scrolls of immolation {unknown}
 y - 2 scrolls of enchant armour {unknown}
 C - a scroll of enchant weapon {unknown}
 E - a scroll of vulnerability {unknown}
Potions
 e - a potion of haste
 g - 2 potions of curing
 h - 3 potions of brilliance {unknown}
 m - a potion of ambrosia {unknown}
 n - 2 potions of heal wounds {unknown}
 v - a potion of flight {unknown}
 B - a potion of berserk rage {unknown}


   Skills:
 + Level 3.8 Fighting
 - Level 1.7 Dodging
 - Level 4.5 Stealth
 * Level 7.3 Unarmed Combat
 + Level 2.3 Transmutations


You had one spell level left.
You knew the following spells:

 Your Spells              Type           Power      Damage    Failure   Level
a - Blade Hands           Tmut           4%         N/A       100%        5

Your spell library contained the following spells:

 Spells                   Type           Power      Damage    Failure   Level
 Slow                     Hex            0%         N/A       63%         1
 Confusing Touch          Hex            0%         N/A       94%         3
 Gell's Gravitas          Tloc           0%         N/A       94%         3
 Lesser Beckoning         Tloc           0%         N/A       94%         3
 Portal Projectile        Hex/Tloc       0%         N/A       94%         3
 Teleport Other           Tloc           0%         N/A       94%         3
 Tukima's Dance           Hex            0%         N/A       94%         3
 Vampiric Draining        Necr           0%         2d6       94%         3
 Summon Forest            Summ/Tloc      0%         N/A       100%        5
 Summon Mana Viper        Hex/Summ       0%         N/A       100%        5
 Dispersal                Tloc           0%         N/A       100%        6
 Summon Cactus Giant      Summ           0%         N/A       100%        6


Dungeon Overview and Level Annotations

Branches:
Dungeon (5/15)             Temple (0/1) D:4

Shops:
D:4 =

Annotations:
D:2 Sigmund
D:4 2 transporters, Dowan; Duvessa; jejorda2's ghost, amateur MfBe


Innate Abilities, Weirdness & Mutations

You have an increased reservoir of magic. (+10% MP)
You shall have no god before yourself.
Your divine heritage dramatically boosts your attributes as you level up.


Message History

Duvessa is moderately wounded.
Dowan points at you and mumbles some strange words.
The puff of frost hits you. Duvessa hits you with a +0 short sword.
You punch Duvessa!
Duvessa is severely wounded.
Dowan hits you with a +0 dagger.
Duvessa says, "Practise, practise, practise!
One day you'll be as good as me." Duvessa closely misses you.
You closely miss Duvessa.
Duvessa is severely wounded.
Dowan looks more healthy.
You hit Duvessa.
Duvessa is severely wounded.
Dowan hits you with a +0 dagger. Duvessa hits you with a +0 short sword.
You hit Duvessa but do no damage.
Duvessa is severely wounded.
Dowan hits you but does no damage. You block Duvessa's attack.
You hit Duvessa.
Duvessa is severely wounded.
Dowan hits you but does no damage. Duvessa hits you with a +0 short sword.
* * * LOW HITPOINT WARNING * * *
Unknown command.
Unknown command.
You completely miss Duvessa.
Duvessa is severely wounded.
Dowan gestures at you while chanting. The puff of flame hits you!
* * * LOW HITPOINT WARNING * * *
Duvessa hits you but does no damage.
Unknown command.
Unknown command.
Unknown command.
Okay, then.
It was a potion of curing.
You feel better.
Dowan smirks and points a slender finger.
Dowan gestures at you while chanting. The puff of frost hits you.
* * * LOW HITPOINT WARNING * * *
Duvessa hits you with a +0 short sword!
You die...

##........##...........
#.........#.####....###
#............ .#..... ###
#..........#. #.#... ###.###
###....#.....#...#. ##..
#....[###............#...... #..#
#.......#..#...........#...# ##..
##.....>...#...e......##.... #..
##....).....##..@e....##...# ##..
#............##.......##...###...
##..#.##........###..(.....#.)...
#######...........##(##.........
###.#...#.................
##.#...###...#....##.....
#..##....##..#....#......
###..##....#.e...#.........
#...###.##...#...#.#....#..


You could see Duvessa and Dowan.

Vanquished Creatures
  An orc warrior (D:5)
  An ogre (D:5)
  A phantom (D:5)
  4 scorpions
  A howler monkey (D:5)
  3 hounds
  2 orc priests (D:5)
  Jessica (D:2)
  An iguana (D:5)
  An orc wizard (D:5)
  3 adders
  2 worms
  4 dart slugs
  7 orcs
  7 endoplasms
  9 goblins
  8 hobgoblins
  5 jackals
  4 quokkas (D:1)
  6 ball pythons
  3 bats
  2 frilled lizards
  A kobold (D:1)
  5 rats
82 creatures vanquished.

Notes
Turn   | Place    | Note
-------+----------+-------------------------------------------
     0 | D:5      | drugrobin the Demigod Delver began the quest for the Orb.
     0 | D:5      | Reached XP level 1. HP: 18/18 MP: 3/3
   110 | D:4      | Noticed a scorpion
   117 | D:3      | Killed a scorpion
   118 | D:3      | Reached skill level 3 in Unarmed Combat
   118 | D:3      | Reached XP level 2. HP: 9/25 MP: 4/4
   118 | D:3      | Reached XP level 3. HP: 11/30 MP: 5/5
   438 | D:1      | Reached skill level 4 in Unarmed Combat
   604 | D:1      | Reached XP level 4. HP: 27/37 MP: 6/6
  1157 | D:2      | Noticed Jessica
  1180 | D:2      | Killed Jessica
  1395 | D:2      | Noticed Sigmund
  1936 | D:3      | Reached skill level 5 in Unarmed Combat
  1936 | D:3      | Reached XP level 5. HP: 31/42 MP: 7/7
  2470 | D:4      | Found a transporter.
  2485 | D:4      | Identified the +9 giant spiked club of Igo Afis {freeze,
                  | rElec rF+ Stlth-}
  2485 | D:4      | Noticed an ogre
  2485 | D:4      | Noticed an ogre
  2486 | D:4      | Noticed jejorda2's ghost (amateur MfBe)
  2488 | D:4      | Found a transporter.
  2642 | D:4      | Found a staircase to the Ecumenical Temple.
  2783 | D:4      | Reached skill level 6 in Unarmed Combat
  2783 | D:4      | Noticed Duvessa
  2783 | D:4      | Noticed Dowan
  2988 | D:4      | Found Ritounn's Jewellery Shoppe.
  3151 | D:5      | Noticed a profane servitor
  3172 | D:5      | Reached XP level 6. HP: 46/50 MP: 8/8
  3190 | D:5      | Learned a level 5 spell: Blade Hands
  3432 | D:5      | Reached skill level 1 in Transmutations
  3924 | D:5      | Reached XP level 7. HP: 52/57 MP: 9/9
  4109 | D:5      | Reached skill level 7 in Unarmed Combat
  4485 | D:5      | Noticed an angel
  4564 | D:4      | Slain by Duvessa

Illustrated notes

Levels and vault maps discovered:
D:1:      lightli_arrival_chessboard, layout_loops_cross
D:2:      layout_basic, basic_altar, uniq_sigmund, uniq_jessica
D:3:      layout_rooms
D:4:      layout_cave_pools, minmay_temple_entry_poolview,
          gammafunk_ghost_smash, serial_shops, nicolae_inconvenience_store,
          uniq_duvessa
D:5:      layout_cave_pods, grunt_temple_overflow_holy_war,
          hangedman_minor_gate_pass

Skill      XL: |  1  2  3  4  5  6  7 |
---------------+----------------------+-----
Unarmed Combat | 3 4 5 6 7 |  7.3
Fighting       | 3 |  3.8
Transmutations | 1 2 |  2.3
Dodging        | |  1.7
Stealth        | |  4.5

Action                   |  1- 3 |  4- 6 |  7- 9 || total
-------------------------+-------+-------+-------++-------
Melee: Unarmed           |    51 |   224 |    48 ||   323
       Punch             |     1 |     9 |     3 ||    13
 Fire: Sling             |     3 |    14 |       ||    17
Throw: Dart              |       |     4 |     9 ||    13
       Javelin           |       |     4 |     2 ||     6
Evoke: Wand              |     2 |     4 |     3 ||     9
  Use: Scroll            |       |       |     1 ||     1
       Potion            |       |       |     1 ||     1
 Stab: Sleeping          |     3 |     4 |       ||     7
Armor: Leather armour    |     7 |    12 |       ||    19
       Chain mail        |       |    48 |     5 ||    53
       Scale mail        |       |       |     9 ||     9
Dodge: Dodged            |    24 |    78 |    11 ||   113
Block: Other             |       |    10 |     9 ||    19

Table legend: (Time is in decaauts)
 A = Elapsed time spent in this place.
 B = Non-inter-level travel time spent in this place.
 C = Inter-level travel time spent in this place.
 D = Time resting spent in this place.
 E = Time spent auto-exploring this place.
 F = Levels seen in this place.
 G = Mean time per level.
                   A        B        C        D        E       F      G
               +--------+--------+--------+--------+--------+-----+--------+
         Total |   4540 |   4365 |    175 |    524 |   2553 |   5 |  908.0 |
       Dungeon |   4540 |   4365 |    175 |    524 |   2553 |   5 |  908.0 |
               +--------+--------+--------+--------+--------+-----+--------+

Top non-repeatable levels by time:
     D:5: 1348 daAuts
     D:2: 949 daAuts
     D:3: 833 daAuts
     D:4: 814 daAuts
     D:1: 595 daAuts
